 Dungeon Crawl Stone Soup version 0.16.1 (console) character file.

47 gw the Stinger (level 3, 0/20 HPs)
             Began as a Kobold Venom Mage on Mar 24, 2015.
             Succumbed to an adder's poison
             ... on level 2 of the Dungeon.
             The game lasted 00:02:06 (1785 turns).

gw the Stinger (Kobold Venom Mage)                  Turns: 1785, Time: 00:02:06

Health: 0/20       AC:  5    Str:  6    XL:     3   Next: 97%
Magic:  0/6        EV: 16    Int: 14    God:
Gold:   114        SH:  0    Dex: 16    Spells: 2 memorised, 3 levels left

rFire  . . .     SeeInvis .     b - +1 dagger
rCold  . . .     Clarity  .     a - +0 robe
rNeg   . . .     SustAb   .     (no shield)
rPois  .         Gourm    .     (no helmet)
rElec  .         Spirit   .     i - +2 cloak
rCorr  .         Warding  .     (no gloves)
rMut   .         Stasis   .     (no boots)
MR     .....                    (no amulet)
Stlth  ++........               (no ring)
                                (no ring)

@: lethally poisoned (0 -> -11), not resistant to hostile enchantments,
unstealthy
A: carnivore 3
a: no special abilities


You were on level 2 of the Dungeon.
You were very full.

You visited 1 branch of the dungeon, and saw 2 of its levels.

You collected 114 gold pieces.

Inventory:

Hand weapons
 b - a +1 dagger (weapon)
Missiles
 m - 28 stones (quivered)
Armour
 a - a +0 robe (worn)
 i - a +2 cloak (worn)
Books
 e - a Young Poisoner's Handbook

   Spells                             Type                      Level
   a - Sting                          Conjuration/Poison           1
   b - Cure Poison                    Poison                       2
   c - Mephitic Cloud                 Conjuration/Poison/Air       3
   d - Olgreb's Toxic Radiance        Poison                       4
   e - Venom Bolt                     Conjuration/Poison           5
Comestibles
 c - a meat ration


   Skills:
 + Level 1.0 Fighting
 + Level 1.3 Short Blades
 + Level 3.3 Dodging
 - Level 2.6 Stealth
 * Level 2.5 Spellcasting
 + Level 4.1 Poison Magic


You had 3 spell levels left.
You knew the following spells:

 Your Spells              Type           Power        Failure   Level  Hunger
a - Sting                 Conj/Pois      #...         12%         1    #......
b - Mephitic Cloud        Conj/Pois/Air  #.......     38%         3    ###....


Dungeon Overview and Level Annotations

Branches:
Dungeon (2/15)

Altars:


Innate Abilities, Weirdness & Mutations

You are small and have problems with some larger weapons.
You are carnivorous and can eat meat at any time.


Message History

ATTACKING (-1,0)
You hit the adder but do no damage.
The adder is heavily wounded.
You feel sick. The adder bites you but does no damage.
Unknown command.
Unknown command.
Unknown command.
Unknown command.
ATTACKING (-1,0)
You hit the adder.
The adder is heavily wounded.
You feel sick. The adder bites you but does no damage.
Unknown command.
Unknown command.
Unknown command.
Unknown command.
ATTACKING (-1,0)
You hit the adder.
The adder is almost dead.
You die...

#### .....#. .....
#....#.. ......##.......
#.......#.....##..
..................
#.................
?...................
.......%.##......... .
...###!SK#..............
#####.###...........
#.....# ...........
#.....###..#+#......
#...)....#+#+#......
#.)....%............
#...................
#...........>.......
#........#..........


You could see an adder.

Table legend:
 A = Turns spent in this place as a percentage of turns spent in the entire game.
 B = Non-inter-level travel turns spent in this place as a percentage of non-inter-level travel turns spent in the entire game.
 C = Inter-level travel turns spent in this place as a percentage of turns spent in this place.
 D = Turns resting spent in this place as a percentage of non-inter-level travel turns spent in this place.
 E = Turns spent auto-exploring this place as a percentage of non-inter-level travel turns spent in this place.
 F = Non-inter-level travel turns spent in this place divided by the number of levels of this place that you've seen.
                   A       B       C       D       E      F
               +-------+-------+-------+-------+-------+----------------------
         Total | 100.0 | 100.0 |   0.7 |   2.3 |   2.3 | 1287.0
       Dungeon | 100.0 | 100.0 |   0.7 |   2.3 |   2.3 | 1287.0
               +-------+-------+-------+-------+-------+----------------------

Table legend:
 A = Kills in this place as a percentage of kills in entire the game.
 B = Kills by you in this place as a percentage of kills by you in the entire game.
 C = Kills by friends in this place as a percentage of kills by friends in the entire game.
 D = Other kills in this place as a percentage of other kills in the entire game.
 E = Experience gained in this place as a percentage of experience gained in the entire game.
 F = Experience gained in this place divided by the number of levels of this place that you have seen.
                   A       B       C       D       E      F
               +-------+-------+-------+-------+-------+----------------------
         Total | 100.0 | 100.0 |  -nan |  -nan | 100.0 |  34.0
       Dungeon | 100.0 | 100.0 |  -nan |  -nan | 100.0 |  34.0
               +-------+-------+-------+-------+-------+----------------------

Vanquished Creatures
  An adder (D:2)
  A giant gecko (D:1)
  2 bats (D:2)
  5 hobgoblins (D:1)
  7 jackals
  2 giant cockroaches (D:1)
  2 giant newts (D:1)
  6 goblins
  7 kobolds
  A rat (D:2)
34 creatures vanquished.

Notes
Turn   | Place    | Note
--------------------------------------------------------------
     0 | D:1      | gw, the Kobold Venom Mage, began the quest for the Orb.
     0 | D:1      | Reached XP level 1. HP: 10/10 MP: 3/3
   221 | D:1      | Reached XP level 2. HP: 14/16 MP: 0/4
   873 | D:1      | Reached XP level 3. HP: 20/20 MP: 4/6
   908 | D:1      | Learned a level 3 spell: Mephitic Cloud
  1412 | D:1      | Learned a level 3 spell: Mephitic Cloud
  1480 | D:2      | Reached skill level 1 in Short Blades
  1706 | D:2      | Reached skill level 1 in Fighting
  1784 | D:2      | HP: 1/20 [poisoned by an adder]
  1785 | D:2      | Succumbed to an adder's poison

Action                   || total
-------------------------++-------
Melee: Dagger            ||    63
Throw: Stone             ||     4
 Cast: Sting             ||    62
  Use: Scroll            ||     8
       Potion            ||     2
  Eat: Chunk             ||    10

Vault maps used:
D:1:      tarquinn_simple_flora_water_d, lexackson_kobold_supper
